 Dungeon Crawl Stone Soup version 0.30-a0-305-g026cb31310 (webtiles) character file.

Game seed: 1809402373249193374

1653 sleeves the Skirmisher (level 9, -3/62 HPs)
             Began as a Barachi Hunter on Oct 23, 2022.
             Was a Follower of Okawaru.
             Succumbed to a killer bee's poison
             ... on level 6 of the Dungeon.
             The game lasted 00:07:56 (6546 turns).

sleeves the Skirmisher (Barachi Hunter)             Turns: 6546, Time: 00:07:57

Health: -3/62      AC:  5    Str: 12    XL:     9   Next: 0%
Magic:  9/9        EV: 12    Int: 11    God:    Okawaru [*.....]
Gold:   508        SH:  0    Dex: 19    Spells: 8/8 levels left

rFire   . . .      SeeInvis .    a - +0 shortbow
rCold   . . .      Faith    .    (shield currently unavailable)
rNeg    . . .      Spirit   .    c - +0 leather armour
rPois   .          Reflect  .    (no helmet)
rElec   .          Harm     .    (no cloak)
rCorr   .          Rampage  .    k - +0 pair of gloves
Will    .....                    j - +0 pair of boots
Stlth   ++........               (no amulet)
HPRegen 0.30/turn                (no ring)
MPRegen 0.11/turn                (no ring)

@: mighty, lethally poisoned (-3 -> -19), slow
A: amphibious, slowness 1, strong legs 1, +LOS
a: Hop, Renounce Religion, Heroism


You were on level 6 of the Dungeon.
You worshipped Okawaru.
Okawaru was aware of your devotion.
You visited 2 branches of the dungeon, and saw 8 of its levels.

You collected 508 gold pieces.

Inventory:

Hand Weapons
 a - a +0 shortbow (weapon)
 n - a +0 dagger of electrocution
   (You found it on level 3 of the Dungeon)
 o - a +0 arbalest
   (You found it on level 3 of the Dungeon)
 y - a +1 long sword of flaming
   (You took it off a wight on level 6 of the Dungeon)
Missiles
 w - 2 throwing nets
Armour
 c - a +0 leather armour (worn)
 j - a +0 pair of boots (worn)
   (You found it on level 2 of the Dungeon)
 k - a +0 pair of gloves (worn)
   (You found it on level 2 of the Dungeon)
Jewellery
 l - a ring of flight
   (You found it on level 2 of the Dungeon)
Scrolls
 b - 2 scrolls of immolation
 d - 2 scrolls of poison {unknown}
 e - 11 scrolls of identify {unknown}
 f - 2 scrolls of enchant weapon {unknown}
 g - 2 scrolls of enchant armour {unknown}
 h - 6 scrolls of teleportation {unknown}
 p - 3 scrolls of fog {unknown}
 q - a scroll of torment {unknown}
 r - 2 scrolls of amnesia {unknown}
 u - 2 scrolls of fear {unknown}
 x - a scroll of silence {unknown}
Potions
 i - a potion of flight {unknown}
 m - a potion of attraction {unknown}
 t - a potion of haste {unknown}
 v - a potion of lignification {unknown}


   Skills:
 - Level 2.4 Fighting
 + Level 11.7 Ranged Weapons
 - Level 2.1 Dodging
 - Level 0.8 Stealth


You had 8 spell levels left.
You didn't know any spells.
Your spell library contained the following spells:

 Spells                   Type           Power      Damage    Failure   Level
 Cigotuvi's Dreadful Rot  Necr/Pois/Air  0%         N/A       56%         2
 Ensorcelled Hibernation  Hex/Ice        0%         N/A       56%         2
 Passwall                 Tmut/Erth      0%         N/A       56%         2
 Swiftness                Air            0%         N/A       80%         3
 Dispel Undead            Necr           0%         3d6       99%         4
 Death Channel            Necr           Unusable   N/A       N/A         6

Dungeon Overview and Level Annotations

Branches:
Dungeon (7/15)             Temple (1/1) D:6

Altars:
Ashenzari
Cheibriados
Dithmenos
Elyvilon
Kikubaaqudgha
Nemelex Xobeh
Okawaru
Qazlal
Uskayaw
Vehumet
Wu Jian
Xom
Yredelemnul
The Shining One

Shops:
D:7 :

Annotations:
D:4 Edmund


Innate Abilities, Weirdness & Mutations

You are amphibious.
You cover ground slowly.
You can hop short distances.
You have an extended range of vision and can be seen from far away.


Message History

The ogre hits you with a +0 giant club!!
Fire: a) +0 shortbow
Press: ? - help, Q - select action, (/) - cycle Shift-Dir - straight line, f/p - ogre
Aim: an ogre, wielding a +0 giant club (heavily wounded, 78% to hit)
You shoot an arrow. The arrow hits the ogre.
The ogre is severely wounded.
The ogre hits you with a +0 giant club!!
Ouch! That really hurt!
* * * LOW HITPOINT WARNING * * *
Fire: a) +0 shortbow
Press: ? - help, Q - select action, (/) - cycle Shift-Dir - straight line, f/p - ogre
Aim: an ogre, wielding a +0 giant club (severely wounded, 78% to hit)
You shoot an arrow. The arrow hits the ogre!
The ogre is almost dead.
Fire: a) +0 shortbow
Press: ? - help, Q - select action, (/) - cycle Shift-Dir - straight line, f/p - ogre
Aim: an ogre, wielding a +0 giant club (almost dead, 78% to hit)
You shoot an arrow. The arrow hits the ogre!
You kill the ogre!
Your Ranged Weapons skill increases to level 10!
Unknown command.
You are ready to hop once more.
Key pressed, stopping explore.
x - a scroll labelled GACOF ICKOCAEZ Key pressed, stopping explore.
You open the door.
Found a staircase to the Ecumenical Temple.
There is a stone staircase leading up here.
There is a stone staircase leading down here.
A wight comes into view. It is wielding a +4 spear.
Hop to where?
Press: ? - help, Dir - move target Boing!
There is a stone staircase leading up here.
(D) Dungeon (T) Temple
Where to? (Enter - D:6, ? - help)
A wight is nearby!
Fire: a) +0 shortbow
Press: ? - help, Q - select action, (/) - cycle Shift-Dir - straight line, f - wight
Aim: a wight, wielding a +4 spear and wearing a +0 robe (66% to hit)
You shoot an arrow. The arrow barely misses the wight.
Fire: a) +0 shortbow
Press: ? - help, Q - select action, (/) - cycle Shift-Dir - straight line, f/p - wight
Aim: a wight, wielding a +4 spear and wearing a +0 robe (66% to hit)
You shoot an arrow. The arrow completely misses the wight.
Fire: a) +0 shortbow
Press: ? - help, Q - select action, (/) - cycle Shift-Dir - straight line, f/p - wight
Aim: a wight, wielding a +4 spear and wearing a +0 robe (66% to hit)
You shoot an arrow. The arrow hits the wight.
The wight is moderately damaged.
Fire: a) +0 shortbow
Press: ? - help, Q - select action, (/) - cycle Shift-Dir - straight line, f/p - wight
Aim: a wight, wielding a +4 spear and wearing a +0 robe (moderately damaged, 66% to hit)
You shoot an arrow. The arrow hits the wight!
The wight is almost destroyed.
Fire: a) +0 shortbow
Press: ? - help, Q - select action, (/) - cycle Shift-Dir - straight line, f/p - wight
Aim: a wight, wielding a +4 spear and wearing a +0 robe (almost destroyed, 66% to hit)
You shoot an arrow.
The arrow hits the wight but does no damage.
The wight is almost destroyed.
Fire: a) +0 shortbow
Press: ? - help, Q - select action, (/) - cycle Shift-Dir - straight line, f/p - wight
Aim: a wight, wielding a +4 spear and wearing a +0 robe (almost destroyed, 66% to hit)
You shoot an arrow. The arrow hits the wight.
You destroy the wight!
(D) Dungeon (T) Temple
Where to? (Enter - Temple, ? - help)
There is an open door here.
There is a staircase to the Ecumenical Temple here.
You climb downwards.
Welcome to the Ecumenical Temple!
Found eight altars.
There is a staircase back to the Dungeon here.
Unknown command.
Found a radiant altar of Vehumet.
There is a shimmering altar of Xom here.
There is an iron altar of Okawaru here.
You kneel at the altar of Okawaru.
Okawaru welcomes you!
(D) Dungeon (T) Temple
Where to? (Enter - Temple, ? - help)
There is a shimmering altar of Xom here.
There is a staircase back to the Dungeon here.
You climb upwards.
Welcome back to the Dungeon!
There is a staircase to the Ecumenical Temple here.
There is an open door here.
There is a stone staircase leading up here.
Things that are here:
a +0 robe; a +4 spear
There is a stone staircase leading down here.
A wight comes into view.
It is wielding a +1 long sword of flaming.
A wight is nearby!
A wight is nearby!
A wight is nearby!
You shoot an arrow. The arrow closely misses the wight.
You shoot an arrow. The arrow barely misses the wight.
A wight comes into view. It is wielding a +2 halberd.
You shoot an arrow. The arrow hits the wight.
The wight is lightly damaged.
You shoot an arrow. The arrow hits the wight.
The wight is moderately damaged.
You shoot an arrow. The arrow hits the wight.
The wight is heavily damaged.
You are ready to hop once more.
A wight comes into view. It is wielding a +0 scimitar.
The wight hits you from afar with a +2 halberd.
You shoot an arrow. The arrow closely misses the wight. x2
The wight closely misses you.
You shoot an arrow. The arrow closely misses the wight.
The arrow hits the wight!
The wight is heavily damaged.
The wight closely misses you.
You shoot an arrow. The arrow hits the wight!
The wight is almost destroyed.
The wight barely misses you.
You shoot an arrow. The arrow barely misses the wight.
The arrow closely misses the wight.
The arrow hits the wight but does no damage.
The wight misses you.
You shoot an arrow. The arrow hits the wight.
You destroy the wight!
Okawaru accepts your kill.
You shoot an arrow. The arrow hits the wight!
The wight is almost destroyed.
You shoot an arrow.
The arrow hits the wight but does no damage.
The wight is almost destroyed.
The wight hits you with a +1 long sword of flaming.
You feel drained. The wight burns you.
You shoot an arrow. The arrow barely misses the wight.
The arrow hits the wight.
The wight is moderately damaged.
The wight closely misses you.
You shoot an arrow.
The arrow hits the wight but does no damage.
The wight is almost destroyed.
The wight hits you with a +1 long sword of flaming.
You feel drained. The wight burns you.
You shoot an arrow.
The arrow hits the wight but does no damage.
The wight is almost destroyed.
The wight barely misses you.
You shoot an arrow.
The arrow hits the wight but does no damage.
The wight is almost destroyed.
The wight closely misses you.
Fire: a) +0 shortbow
Press: ? - help, Q - select action, (/) - cycle Shift-Dir - straight line, f/p - wight
Aim: a wight, wielding a +1 long sword of flaming and wearing a +0 robe (almost destroyed, 66% to hit)
You shoot an arrow.
The arrow hits the wight but does no damage.
The wight is almost destroyed.
The wight barely misses you.
Fire: a) +0 shortbow
Press: ? - help, Q - select action, (/) - cycle Shift-Dir - straight line, f/p - wight
Aim: a wight, wielding a +1 long sword of flaming and wearing a +0 robe (almost destroyed, 66% to hit)
You shoot an arrow.
The arrow hits the wight but does no damage.
The wight is almost destroyed.
The wight barely misses you.
The wight hits you with a +1 long sword of flaming!
* * * LOW HITPOINT WARNING * * *
You feel drained.
* * * LOW HITPOINT WARNING * * *
The wight burns you.
* * * LOW HITPOINT WARNING * * *
Fire: a) +0 shortbow
Press: ? - help, Q - select action, (/) - cycle Shift-Dir - straight line, f/p - wight
Aim: a wight, wielding a +1 long sword of flaming and wearing a +0 robe (almost destroyed, 66% to hit)
You shoot an arrow.
The arrow hits the wight but does no damage.
The wight is almost destroyed.
The wight barely misses you.
Fire: a) +0 shortbow
Press: ? - help, Q - select action, (/) - cycle Shift-Dir - straight line, f/p - wight
Aim: a wight, wielding a +1 long sword of flaming and wearing a +0 robe (almost destroyed, 66% to hit)
You shoot an arrow. The arrow completely misses the wight.
The arrow closely misses the wight.
The wight barely misses you.
Fire: a) +0 shortbow
Press: ? - help, Q - select action, (/) - cycle Shift-Dir - straight line, f/p - wight
Aim: a wight, wielding a +1 long sword of flaming and wearing a +0 robe (almost destroyed, 66% to hit)
You shoot an arrow.
The arrow hits the wight but does no damage.
The wight is almost destroyed.
The wight barely misses you.
Fire: a) +0 shortbow
Press: ? - help, Q - select action, (/) - cycle Shift-Dir - straight line, f/p - wight
Aim: a wight, wielding a +1 long sword of flaming and wearing a +0 robe (almost destroyed, 66% to hit)
You shoot an arrow. The arrow hits the wight!
You destroy the wight!
Okawaru accepts your kill.
Fire: a) +0 shortbow
Press: ? - help, Q - select action, (/) - cycle Shift-Dir - straight line, f - wight
Aim: a wight, wielding a +0 scimitar and wearing a +0 robe (moderately damaged, 66% to hit)
You shoot an arrow. The arrow hits the wight!
The wight is severely damaged.
The wight closely misses you.
Fire: a) +0 shortbow
Press: ? - help, Q - select action, (/) - cycle Shift-Dir - straight line, f/p - wight
Aim: a wight, wielding a +0 scimitar and wearing a +0 robe (severely damaged, 66% to hit)
You shoot an arrow. The arrow completely misses the wight.
The wight closely misses you.
Fire: a) +0 shortbow
Press: ? - help, Q - select action, (/) - cycle Shift-Dir - straight line, f/p - wight
Aim: a wight, wielding a +0 scimitar and wearing a +0 robe (severely damaged, 66% to hit)
You shoot an arrow. The arrow hits the wight.
The wight is almost destroyed.
The wight hits you with a +0 scimitar.
* * * LOW HITPOINT WARNING * * *
You feel drained.
Fire: a) +0 shortbow
Press: ? - help, Q - select action, (/) - cycle Shift-Dir - straight line, f/p - wight
Aim: a wight, wielding a +0 scimitar and wearing a +0 robe (almost destroyed, 66% to hit)
You shoot an arrow. The arrow barely misses the wight.
The wight hits you with a +0 scimitar.
* * * LOW HITPOINT WARNING * * *
Fire: a) +0 shortbow
Press: ? - help, Q - select action, (/) - cycle Shift-Dir - straight line, f/p - wight
Aim: a wight, wielding a +0 scimitar and wearing a +0 robe (almost destroyed, 66% to hit)
You shoot an arrow. The arrow closely misses the wight.
The wight hits you with a +0 scimitar.
* * * LOW HITPOINT WARNING * * *
Fire: a) +0 shortbow
Press: ? - help, Q - select action, (/) - cycle Shift-Dir - straight line, f/p - wight
Aim: a wight, wielding a +0 scimitar and wearing a +0 robe (almost destroyed, 66% to hit)
You shoot an arrow. The arrow barely misses the wight.
The wight closely misses you.
Fire: a) +0 shortbow
Press: ? - help, Q - select action, (/) - cycle Shift-Dir - straight line, f/p - wight
Aim: a wight, wielding a +0 scimitar and wearing a +0 robe (almost destroyed, 66% to hit)
You shoot an arrow. The arrow closely misses the wight.
The wight barely misses you.
Fire: a) +0 shortbow
Press: ? - help, Q - select action, (/) - cycle Shift-Dir - straight line, f/p - wight
Aim: a wight, wielding a +0 scimitar and wearing a +0 robe (almost destroyed, 66% to hit)
You shoot an arrow. The arrow closely misses the wight.
The wight closely misses you.
Fire: a) +0 shortbow
Press: ? - help, Q - select action, (/) - cycle Shift-Dir - straight line, f/p - wight
Aim: a wight, wielding a +0 scimitar and wearing a +0 robe (almost destroyed, 66% to hit)
You shoot an arrow. The arrow hits the wight.
You destroy the wight!
Okawaru accepts your kill.
HP restored.
A wight comes into view. It is wielding a +1 falchion.
Items here: )) [[.
You shoot an arrow. The arrow hits the wight.
The wight is moderately damaged.
You shoot an arrow.
The arrow hits the wight but does no damage.
The wight is moderately damaged.
You shoot an arrow. The arrow hits the wight.
The wight is heavily damaged.
You shoot an arrow. The arrow barely misses the wight.
You shoot an arrow. The arrow hits the wight.
The wight is severely damaged.
You shoot an arrow. The arrow closely misses the wight.
You shoot an arrow. The arrow barely misses the wight.
You shoot an arrow. The arrow closely misses the wight.
The wight completely misses you.
You shoot an arrow.
The arrow hits the wight but does no damage.
The wight is severely damaged.
The wight hits you but does no damage.
You shoot an arrow. The arrow closely misses the wight.
The wight closely misses you.
You shoot an arrow. The arrow closely misses the wight.
The wight hits you with a +1 falchion!
You feel drained.
You shoot an arrow. The arrow hits the wight.
The wight is almost destroyed.
The wight hits you but does no damage.
You shoot an arrow.
The arrow hits the wight but does no damage.
The wight is almost destroyed.
The wight barely misses you.
You shoot an arrow. The arrow hits the wight!
You destroy the wight!
Okawaru accepts your kill.
No target in view!
No target in view!
Press: ? - help, v - describe, . - travel, g - get item
Items here: )) [[.
The floor.
y - a +1 long sword of flaming
Items here: )) [[.
You see here a +0 halberd.
You open the door.
Found a hide-covered altar of Uskayaw.
You see here a +0 halberd.
Found a dagger.
You see here a +0 dagger.
You now have 484 gold pieces (gained 12).
Found a stone staircase leading up.
Found a barding.
Done exploring.
Done exploring.
Done exploring.
Done exploring.
(D) Dungeon (T) Temple
Where to? (Enter - D:6, ? - help)
There is a stone staircase leading down here.
You climb downwards.
You hear the roar of battle.
There is an entrance to a bailey on this level.
Hurry and find it before the portal closes forever!
Found a scroll labelled FUED NYIFEICLU.
Found an escape hatch in the ceiling.
There is a stone staircase leading up here.
u - 2 scrolls labelled FUED NYIFEICLU (gained 1)
An orc wizard and an electric eel come into view.
Found 3 stones.
Found Uplef Meu's Book Boutique.
Fire: a) +0 shortbow
Press: ? - help, Q - select action, (/) - cycle Shift-Dir - straight line, f - orc wizard
Aim: an orc wizard, wielding a +0 dagger and wearing a +0 robe (asleep, 98% to hit)
You shoot an arrow.
The arrow hits the orc wizard but does no damage.
The orc wizard shouts!
Fire: a) +0 shortbow
Press: ? - help, Q - select action, (/) - cycle Shift-Dir - straight line, f/p - orc wizard
Aim: an orc wizard, wielding a +0 dagger and wearing a +0 robe (60% to hit)
You shoot an arrow. The arrow hits the orc wizard.
The orc wizard is lightly wounded.
A killer bee comes into view.
An orc warrior comes into view. It is wielding a +0 mace.
Fire: a) +0 shortbow
Press: ? - help, Q - select action, (/) - cycle Shift-Dir - straight line, f/p - orc wizard
Aim: an orc wizard, wielding a +0 dagger and wearing a +0 robe (lightly wounded, 60% to hit)
You shoot an arrow. The arrow barely misses the orc wizard.
The orc warrior shouts!
The killer bee buzzes angrily.
There is a stone staircase leading up here.
The killer bee misses you. x2
You climb upwards.
There is a stone staircase leading down here.
Fire: a) +0 shortbow
Press: ? - help, Q - select action, (/) - cycle Shift-Dir - straight line, f - killer bee
Aim: a killer bee (42% to hit)
You shoot an arrow. The arrow barely misses the killer bee.
The killer bee stings you but does no damage.
The killer bee barely misses you.
Fire: a) +0 shortbow
Press: ? - help, Q - select action, (/) - cycle Shift-Dir - straight line, f/p - killer bee
Aim: a killer bee (42% to hit)
You shoot an arrow. The arrow hits the killer bee!
The killer bee is severely wounded.
The killer bee barely misses you. The killer bee closely misses you.
Fire: a) +0 shortbow
Press: ? - help, Q - select action, (/) - cycle Shift-Dir - straight line, f/p - killer bee
Aim: a killer bee (severely wounded, 42% to hit)
You shoot an arrow. The arrow hits the killer bee!
You kill the killer bee!
Okawaru accepts your kill.
Your life force feels restored.
Unknown command.
Things that are here:
a +0 robe; a +4 spear HP restored.
There is a stone staircase leading up here.
There is a stone staircase leading down here.
You climb downwards.
You hear the roar of battle.
There is an entrance to a bailey on this level.
Hurry and find it before the portal closes forever!
You hear the faint creaking of a portcullis very nearby.
Found five items.
There is a stone staircase leading up here.
The orc shouts!
You hear a shout!
The orc shouts!
The orc wizard points at you and mumbles some strange words.
The magic dart hits you!
The orc warrior shouts!
The orc shouts!
You climb upwards.
There is a stone staircase leading down here.
There is a stone staircase leading down here.
You climb downwards.
You hear the roar of battle.
There is an entrance to a bailey on this level.
Hurry and find it before the portal closes forever!
Found an ornate altar of the Wu Jian Council.
There is a stone staircase leading up here.
HP restored.
You hear the creaking of a very distant portcullis.
Found an escape hatch in the floor.
You hear the creaking of a distant portcullis.
There is an escape hatch in the floor here.
You shoot an arrow.
The arrow barely misses the orc warrior.
The orc warrior shouts!
You hear a shout!
You hear an angry buzzing noise.
You hear a shout!
You shoot an arrow.
The arrow hits the orc warrior but does no damage.
There is a stone staircase leading up here.
You shoot an arrow.
The arrow closely misses the orc warrior.
You shoot an arrow.
The arrow closely misses the orc warrior.
The orc wizard shouts!
You hear a shout!
You shoot an arrow. The arrow hits the orc warrior.
The orc warrior is lightly wounded.
You shoot an arrow.
The arrow hits the orc warrior but does no damage.
The orc warrior is lightly wounded.
A killer bee comes into view.
You climb upwards.
There is a stone staircase leading down here.
Things that are here:
a +0 robe; a +4 spear
There is a stone staircase leading up here.
There is a stone staircase leading down here.
You climb downwards.
You hear the roar of battle.
There is an entrance to a bailey on this level.
Hurry and find it before the portal closes forever!
You hear the steady creaking of a portcullis very nearby.
There is a stone staircase leading up here.
You shoot an arrow.
The arrow closely misses the electric eel.
You shoot an arrow. The arrow hits the electric eel!
The electric eel is heavily wounded.
You shoot an arrow.
The arrow closely misses the electric eel.
The electric eel shoots out a bolt of lightning at you!
The bolt of electricity hits you!
The electric eel shoots out a bolt of lightning at you!
The bolt of electricity hits you!
You shoot an arrow.
The arrow barely misses the electric eel.
The electric eel shoots out a bolt of lightning at you!
The bolt of electricity hits you!
A hound comes into view.
The electric eel shoots out a bolt of lightning at you!
The bolt of electricity hits you.
You climb upwards.
There is a stone staircase leading down here.
HP restored.
Done exploring.
There is a stone staircase leading down here.
You climb downwards.
You hear the roar of battle.
There is an entrance to a bailey on this level.
Hurry and find it before the portal closes forever!
You hear the steady creaking of a very distant portcullis.
There is a stone staircase leading up here.
You now have 497 gold pieces (gained 13).
A steam dragon comes into view.
You shoot an arrow. The arrow hits the steam dragon.
The steam dragon is lightly wounded.
You shoot an arrow.
The arrow closely misses the steam dragon.
You shoot an arrow. The arrow hits the steam dragon.
The steam dragon is moderately wounded.
The steam dragon breathes steam at you. The ball of steam hits you!
Hop to where?
Press: ? - help, Dir - move target Boing!
You are engulfed in a cloud of scalding steam.
You are engulfed in a cloud of scalding steam.
Fire: a) +0 shortbow
Press: ? - help, Q - select action, (/) - cycle Shift-Dir - straight line, f - steam dragon
Aim: a steam dragon (steam, moderately wounded, 66% to hit)
You shoot an arrow. The arrow hits the steam dragon!
The steam dragon is severely wounded.
Fire: a) +0 shortbow
Press: ? - help, Q - select action, (/) - cycle Shift-Dir - straight line, f/p - steam dragon
Aim: a steam dragon (severely wounded, 66% to hit)
You shoot an arrow.
The arrow closely misses the steam dragon.
The steam dragon breathes steam at you. The ball of steam hits you!
* * * LOW HITPOINT WARNING * * *
Fire: a) +0 shortbow
Press: ? - help, Q - select action, (/) - cycle Shift-Dir - straight line, f/p - steam dragon
Aim: a steam dragon (severely wounded, catching its breath, 66% to hit)
You shoot an arrow. The arrow hits the steam dragon.
The steam dragon is almost dead.
You are engulfed in a cloud of scalding steam.
* * * LOW HITPOINT WARNING * * *
Fire: a) +0 shortbow
Press: ? - help, Q - select action, (/) - cycle Shift-Dir - straight line, f/p - steam dragon
Aim: a steam dragon (steam, almost dead, catching its breath, 66% to hit)
You shoot an arrow. The arrow hits the steam dragon.
The steam dragon is almost dead.
You are engulfed in a cloud of scalding steam.
* * * LOW HITPOINT WARNING * * *
The steam dragon barely misses you.
The steam dragon claws you but does no damage.
Fire: a) +0 shortbow
Press: ? - help, Q - select action, (/) - cycle Shift-Dir - straight line, f/p - steam dragon
Aim: a steam dragon (steam, almost dead, 66% to hit)
You shoot an arrow.
The arrow hits the steam dragon but does no damage.
The steam dragon is almost dead.
You are engulfed in a cloud of scalding steam.
* * * LOW HITPOINT WARNING * * *
The steam dragon breathes steam at you. The ball of steam misses you.
Fire: a) +0 shortbow
Press: ? - help, Q - select action, (/) - cycle Shift-Dir - straight line, f/p - steam dragon
Aim: a steam dragon (almost dead, 66% to hit)
You shoot an arrow. The arrow hits the steam dragon.
You kill the steam dragon!
Okawaru is honoured by your kill.
You can now gain great but temporary skills.
You are engulfed in a cloud of scalding steam.
* * * LOW HITPOINT WARNING * * *
Your Ranged Weapons skill increases to level 11!
You start resting.
You are ready to hop once more.
There is a stone staircase leading up here.
You climb upwards.
There is a stone staircase leading down here.
You start resting.
HP restored.
You climb downwards.
You hear the roar of battle.
There is an entrance to a bailey on this level.
Hurry and find it before the portal closes forever!
You hear the loud creaking of a very distant portcullis.
There is a stone staircase leading up here.
An orc is nearby!
An orc is nearby!
You shoot an arrow. The arrow hits the orc.
The orc is heavily wounded.
You shoot an arrow. The arrow hits the orc!
You kill the orc!
Okawaru accepts your kill.
No target in view!
An orc warrior is nearby!
An orc warrior is nearby!
You shoot an arrow. The arrow hits the orc warrior!
The orc warrior is moderately wounded.
You shoot an arrow. The arrow hits the orc warrior.
The orc warrior is moderately wounded.
You shoot an arrow.
The arrow barely misses the orc warrior.
You shoot an arrow.
The arrow barely misses the orc warrior.
You shoot an arrow.
The arrow closely misses the orc warrior.
You hear the loud creaking of a very distant portcullis.
The orc warrior hits you with a +0 hand axe!
You shoot an arrow. The arrow hits the orc warrior.
The orc warrior is heavily wounded.
You shoot an arrow. The arrow hits the orc warrior.
The orc warrior is severely wounded.
The orc warrior hits you with a +0 hand axe.
You shoot an arrow.
The arrow hits the orc warrior but does no damage.
The orc warrior is severely wounded.
The orc warrior hits you with a +0 hand axe.
You shoot an arrow.
The arrow barely misses the orc warrior.
The orc warrior hits you with a +0 hand axe.
You shoot an arrow. The arrow hits the orc warrior.
The orc warrior is severely wounded.
The orc warrior barely misses you.
You shoot an arrow. The arrow hits the orc warrior!
The orc warrior is almost dead.
The orc warrior hits you with a +0 hand axe!
You are too injured to fight recklessly!
You are too injured to fight recklessly!
You are too injured to fight recklessly!
You are too injured to fight recklessly!
You are too injured to fight recklessly!
Hop to where?
Press: ? - help, Dir - move target, p - orc warrior Boing!
Fire: a) +0 shortbow
Press: ? - help, Q - select action, (/) - cycle Shift-Dir - straight line, f - orc warrior
Aim: an orc warrior, wielding a +0 hand axe and wearing a +0 chain mail of fire resistance (sparse dust, almost dead, 63% to hit)
You shoot an arrow. The arrow hits the orc warrior.
You kill the orc warrior!
Okawaru accepts your kill.
An orc wizard is nearby!
You are too injured to fight recklessly!
You are too injured to fight recklessly!
Fire: a) +0 shortbow
Press: ? - help, Q - select action, (/) - cycle Shift-Dir - straight line, f - orc wizard
Aim: an orc wizard, wielding a +0 short sword and wearing a +0 robe (wandering, hasn't noticed you, 60% to hit)
You shoot an arrow. The orc wizard shouts!
The arrow hits the orc wizard.
The orc wizard is lightly wounded.
Fire: a) +0 shortbow
Press: ? - help, Q - select action, (/) - cycle Shift-Dir - straight line, f/p - orc wizard
Aim: an orc wizard, wielding a +0 short sword and wearing a +0 robe (lightly wounded, 60% to hit)
You shoot an arrow. The arrow barely misses the orc wizard.
Fire: a) +0 shortbow
Press: ? - help, Q - select action, (/) - cycle Shift-Dir - straight line, f/p - orc wizard
Aim: an orc wizard, wielding a +0 short sword and wearing a +0 robe (lightly wounded, 60% to hit)
You shoot an arrow. The arrow barely misses the orc wizard.
The orc wizard points at you and mumbles some strange words.
You resist with some effort.
Fire: a) +0 shortbow
Press: ? - help, Q - select action, (/) - cycle Shift-Dir - straight line, f/p - orc wizard
Aim: an orc wizard, wielding a +0 short sword and wearing a +0 robe (lightly wounded, 60% to hit)
You shoot an arrow. The arrow hits the orc wizard!
The orc wizard is heavily wounded.
Fire: a) +0 shortbow
Press: ? - help, Q - select action, (/) - cycle Shift-Dir - straight line, f/p - orc wizard
Aim: an orc wizard, wielding a +0 short sword and wearing a +0 robe (heavily wounded, 60% to hit)
You shoot an arrow.
The arrow closely misses the orc wizard.
Fire: a) +0 shortbow
Press: ? - help, Q - select action, (/) - cycle Shift-Dir - straight line, f/p - orc wizard
Aim: an orc wizard, wielding a +0 short sword and wearing a +0 robe (heavily wounded, 60% to hit)
You shoot an arrow. The arrow barely misses the orc wizard.
You hear the loud creaking of a very distant portcullis.
You are ready to hop once more.
Fire: a) +0 shortbow
Press: ? - help, Q - select action, (/) - cycle Shift-Dir - straight line, f/p - orc wizard
Aim: an orc wizard, wielding a +0 short sword and wearing a +0 robe (heavily wounded, 60% to hit)
You shoot an arrow. The arrow barely misses the orc wizard.
Fire: a) +0 shortbow
Press: ? - help, Q - select action, (/) - cycle Shift-Dir - straight line, f/p - orc wizard
Aim: an orc wizard, wielding a +0 short sword and wearing a +0 robe (heavily wounded, 60% to hit)
You shoot an arrow. The arrow hits the orc wizard.
The orc wizard is severely wounded.
Fire: a) +0 shortbow
Press: ? - help, Q - select action, (/) - cycle Shift-Dir - straight line, f/p - orc wizard
Aim: an orc wizard, wielding a +0 short sword and wearing a +0 robe (severely wounded, 60% to hit)
You shoot an arrow. The arrow hits the orc wizard!
You kill the orc wizard!
Okawaru accepts your kill.
Fire: a) +0 shortbow
Press: ? - help, Q - select action, (/) - cycle Shift-Dir - straight line, f - you Really target yourself?
Okay, then.
The portcullis has been lowered almost to the ground.
The walls and floor vibrate strangely for a moment.
HP restored.
You now have 508 gold pieces (gained 11).
Things that are here:
a +0 short sword; a +0 robe
Things that are here:
a +0 hand axe; a +0 chain mail of fire resistance
Things that are here:
a +0 whip; a +0 ring mail; an orc corpse
There is an escape hatch in the floor here.
An orc is nearby!
You shoot an arrow. The orc shouts!
The arrow hits the orc!
You kill the orc!
Okawaru accepts your kill.
A killer bee comes into view.
You shoot an arrow. The arrow barely misses the killer bee.
The killer bee buzzes angrily.
The orc shouts!
A killer bee comes into view.
The killer bee buzzes angrily.
You hear an angry buzzing noise.
There is a stone staircase leading up here.
You shoot an arrow. The hound barks!
The killer bee buzzes angrily.
The arrow hits the killer bee.
The killer bee is moderately wounded.
You shoot an arrow. The arrow barely misses the killer bee.
The arrow hits the killer bee but does no damage.
You shoot an arrow. The arrow misses the killer bee.
The killer bee stings you but does no damage.
The killer bee barely misses you. The killer bee misses you.
You climb upwards.
There is a stone staircase leading down here.
You shoot an arrow. The arrow misses the killer bee.
The killer bee stings you but does no damage. x2
You shoot an arrow.
The arrow hits the killer bee but does no damage.
The killer bee misses you. The killer bee stings you.
You are poisoned.
The killer bee poisons you!
You shoot an arrow. The arrow hits the killer bee!
The killer bee is heavily wounded.
You feel sick. The killer bee misses you.
You shoot an arrow. The arrow barely misses the killer bee.
You feel sick. The killer bee stings you.
You are more poisoned.
The killer bee poisons you! The killer bee closely misses you.
You shoot an arrow. The arrow hits the killer bee.
The killer bee is severely wounded.
You feel sick. The killer bee closely misses you.
The killer bee barely misses you.
You shoot an arrow.
The arrow closely misses the killer bee.
You feel sick. The killer bee stings you. The killer bee closely misses you.
You shoot an arrow. The arrow hits the killer bee.
The killer bee is almost dead.
You feel sick. The killer bee completely misses you.
The killer bee barely misses you.
You shoot an arrow. The arrow barely misses the killer bee.
You feel sick. The killer bee stings you.
You are more poisoned.
The killer bee poisons you!
The killer bee stings you but does no damage.
You are too injured to fight recklessly!
You are too injured to fight recklessly!
You are too injured to fight recklessly!
You are too injured to fight recklessly!
You are too injured to fight recklessly!
You are too injured to fight recklessly!
You are too injured to fight recklessly!
You are too injured to fight recklessly!
You are too injured to fight recklessly!
You are too injured to fight recklessly!
You are too injured to fight recklessly!
You are too injured to fight recklessly!
You are too injured to fight recklessly!
You are too injured to fight recklessly!
You are too injured to fight recklessly!
You are too injured to fight recklessly!
You are too injured to fight recklessly!
Fire: a) +0 shortbow
Press: ? - help, Q - select action, (/) - cycle Shift-Dir - straight line, f/p - killer bee
Aim: a killer bee (almost dead, 42% to hit)
You shoot an arrow. The arrow misses the killer bee.
You feel sick. The killer bee closely misses you. The killer bee stings you.
* * * LOW HITPOINT WARNING * * *
Fire: a) +0 shortbow
Press: ? - help, Q - select action, (/) - cycle Shift-Dir - straight line, f/p - killer bee
Aim: a killer bee (almost dead, 42% to hit)
You shoot an arrow. The arrow misses the killer bee.
You feel sick. The killer bee completely misses you.
Fire: a) +0 shortbow
Press: ? - help, Q - select action, (/) - cycle Shift-Dir - straight line, f/p - killer bee
Aim: a killer bee (almost dead, 42% to hit)
You shoot an arrow. The arrow hits the killer bee.
The killer bee is almost dead.
You feel sick. The killer bee closely misses you. The killer bee misses you.
Fire: a) +0 shortbow
Press: ? - help, Q - select action, (/) - cycle Shift-Dir - straight line, f/p - killer bee
Aim: a killer bee (almost dead, 42% to hit)
You shoot an arrow. The arrow barely misses the killer bee.
You feel sick. The killer bee stings you.
* * * LOW HITPOINT WARNING * * *
You are more poisoned.
The killer bee poisons you! The killer bee stings you.
* * * LOW HITPOINT WARNING * * *
Fire: a) +0 shortbow
Press: ? - help, Q - select action, (/) - cycle Shift-Dir - straight line, f/p - killer bee
Aim: a killer bee (almost dead, 42% to hit)
You shoot an arrow. The arrow hits the killer bee.
You kill the killer bee!
Okawaru accepts your kill.
* * * LOW HITPOINT WARNING * * *
You feel very sick.
You start resting.
* * * LOW HITPOINT WARNING * * *
You feel sick.
You start resting.
* * * LOW HITPOINT WARNING * * *
You feel sick.
You start resting.
* * * LOW HITPOINT WARNING * * *
You feel sick.
You start resting.
* * * LOW HITPOINT WARNING * * *
You feel sick.
You start resting.
* * * LOW HITPOINT WARNING * * *
You feel sick.
You start resting.
* * * LOW HITPOINT WARNING * * *
You feel sick.
You start resting.
* * * LOW HITPOINT WARNING * * *
You feel sick.
You start resting.
* * * LOW HITPOINT WARNING * * *
You feel sick.
You are no longer poisoned.
You start resting.
HP restored.
Unknown command.
Things that are here:
a +0 robe; a +4 spear
There is a stone staircase leading up here.
There is a stone staircase leading down here.
You climb downwards.
The orc warrior shouts!
The orc wizard shouts! x2
There is a stone staircase leading up here.
The orc wizard gestures wildly while chanting.
The orc wizard flickers and vanishes!
Deactivating autopickup; reactivate with Ctrl-A.
You climb upwards.
Reactivating autopickup.
There is a stone staircase leading down here.
Hop to where?
Press: ? - help, Dir - move target Boing!
Fire: a) +0 shortbow
Press: ? - help, Q - select action, (/) - cycle Shift-Dir - straight line, f - orc warrior
Aim: an orc warrior, wielding a +0 mace and wearing a +0 plate armour (66% to hit)
You shoot an arrow.
The arrow hits the orc warrior but does no damage.
Fire: a) +0 shortbow
Press: ? - help, Q - select action, (/) - cycle Shift-Dir - straight line, f/p - orc warrior
Aim: an orc warrior, wielding a +0 mace and wearing a +0 plate armour (66% to hit)
You shoot an arrow.
The arrow closely misses the orc warrior.
Fire: a) +0 shortbow
Press: ? - help, Q - select action, (/) - cycle Shift-Dir - straight line, f/p - orc warrior
Aim: an orc warrior, wielding a +0 mace and wearing a +0 plate armour (66% to hit)
You shoot an arrow. The arrow hits the orc warrior.
The orc warrior is lightly wounded.
Fire: a) +0 shortbow
Press: ? - help, Q - select action, (/) - cycle Shift-Dir - straight line, f/p - orc warrior
Aim: an orc warrior, wielding a +0 mace and wearing a +0 plate armour (lightly wounded, 66% to hit)
You shoot an arrow. The arrow hits the orc warrior!
The orc warrior is moderately wounded.
Fire: a) +0 shortbow
Press: ? - help, Q - select action, (/) - cycle Shift-Dir - straight line, f/p - orc warrior
Aim: an orc warrior, wielding a +0 mace and wearing a +0 plate armour (moderately wounded, 66% to hit)
You shoot an arrow. The arrow hits the orc warrior.
The orc warrior is heavily wounded.
The orc warrior closely misses you.
Fire: a) +0 shortbow
Press: ? - help, Q - select action, (/) - cycle Shift-Dir - straight line, f/p - orc warrior
Aim: an orc warrior, wielding a +0 mace and wearing a +0 plate armour (heavily wounded, 66% to hit)
You shoot an arrow.
The arrow barely misses the orc warrior.
The orc warrior misses you.
Fire: a) +0 shortbow
Press: ? - help, Q - select action, (/) - cycle Shift-Dir - straight line, f/p - orc warrior
Aim: an orc warrior, wielding a +0 mace and wearing a +0 plate armour (heavily wounded, 66% to hit)
You shoot an arrow.
The arrow hits the orc warrior but does no damage.
The orc warrior is heavily wounded.
The orc warrior hits you with a +0 mace.
You shoot an arrow.
The arrow hits the orc warrior but does no damage.
The orc warrior is heavily wounded.
The orc warrior hits you with a +0 mace.
You shoot an arrow. The arrow hits the orc warrior.
The orc warrior is severely wounded.
The orc warrior hits you with a +0 mace!
You shoot an arrow.
The arrow barely misses the orc warrior.
The orc warrior barely misses you.
You shoot an arrow.
The arrow hits the orc warrior but does no damage.
The orc warrior is severely wounded.
The orc warrior hits you with a +0 mace!
You shoot an arrow.
The arrow hits the orc warrior but does no damage.
The orc warrior is severely wounded.
You shoot an arrow. The arrow hits the orc warrior.
The orc warrior is almost dead.
The orc warrior hits you with a +0 mace.
You shoot an arrow. The arrow hits the orc warrior.
The orc warrior is almost dead.
The orc warrior hits you with a +0 mace!
* * * LOW HITPOINT WARNING * * *
You shoot an arrow. The arrow hits the orc warrior.
The orc warrior is almost dead.
You are ready to hop once more.
The orc warrior hits you with a +0 mace!
* * * LOW HITPOINT WARNING * * *
You shoot an arrow.
The arrow barely misses the orc warrior.
The orc warrior barely misses you.
You shoot an arrow.
The arrow hits the orc warrior but does no damage.
The orc warrior is almost dead.
The orc warrior hits you with a +0 mace!
* * * LOW HITPOINT WARNING * * *
You shoot an arrow.
The arrow hits the orc warrior but does no damage.
The orc warrior is almost dead.
The orc warrior barely misses you.
You shoot an arrow. The arrow hits the orc warrior.
You kill the orc warrior!
Okawaru accepts your kill.
You have reached level 9!
Your experience leads to an increase in your attributes!
Increase (S)trength, (I)ntelligence, or (D)exterity?
You feel agile. x2
You start resting.
HP restored.
Unknown command.
There is a stone staircase leading up here.
There is a stone staircase leading down here.
You climb downwards.
The orc shouts!
The killer bee buzzes angrily.
The killer bee closely misses you. The hound barely misses you.
The killer bee stings you but does no damage.
The orc hits you with a +0 whip. The hound misses you.
The orc hits you with a +0 whip.
There is a stone staircase leading up, spattered with blood here.
There are monsters nearby!
There are monsters nearby!
The killer bee stings you but does no damage.
The hound closely misses you. The killer bee barely misses you.
The killer bee stings you but does no damage.
The hound bites you but does no damage. The orc hits you with a +0 whip.
You climb upwards.
There is a stone staircase leading down here.
Hop to where?
Press: ? - help, Dir - move target Boing!
Fire: a) +0 shortbow
Press: ? - help, Q - select action, (/) - cycle Shift-Dir - straight line, f - orc
Aim: an orc, wielding a +0 whip (67% to hit)
You shoot an arrow. The arrow closely misses the orc.
The arrow hits the killer bee but does no damage.
The orc barely misses you.
Fire: a) +0 shortbow
Press: ? - help, Q - select action, (/) - cycle Shift-Dir - straight line, f/p - orc
Aim: an orc, wielding a +0 whip (67% to hit)
You shoot an arrow.
The arrow hits the orc but does no damage.
The orc hits you with a +0 whip.
Fire: a) +0 shortbow
Press: ? - help, Q - select action, (/) - cycle Shift-Dir - straight line, f/p - orc
Aim: an orc, wielding a +0 whip (67% to hit)
You shoot an arrow. The arrow barely misses the orc.
The arrow hits the killer bee.
The killer bee is moderately wounded.
The orc closely misses you.
Fire: a) +0 shortbow
Press: ? - help, Q - select action, (/) - cycle Shift-Dir - straight line, f/p - orc
Aim: an orc, wielding a +0 whip (67% to hit)
You shoot an arrow. The arrow hits the orc.
The orc is heavily wounded.
The orc hits you with a +0 whip.
Fire: a) +0 shortbow
Press: ? - help, Q - select action, (/) - cycle Shift-Dir - straight line, f/p - orc
Aim: an orc, wielding a +0 whip (heavily wounded, 67% to hit)
You shoot an arrow. The arrow hits the orc!
You kill the orc!
Okawaru accepts your kill. The killer bee closely misses you.
Fire: a) +0 shortbow
Press: ? - help, Q - select action, (/) - cycle Shift-Dir - straight line, f - killer bee
Aim: a killer bee (moderately wounded, 44% to hit)
You shoot an arrow. The arrow misses the killer bee.
The arrow hits the hound.
The hound is lightly wounded.
The killer bee stings you.
You are poisoned.
The killer bee poisons you! The killer bee barely misses you.
Fire: a) +0 shortbow
Press: ? - help, Q - select action, (/) - cycle Shift-Dir - straight line, f/p - killer bee
Aim: a killer bee (moderately wounded, 44% to hit)
You shoot an arrow. The arrow misses the killer bee.
The arrow completely misses the hound.
You feel sick. The killer bee stings you.
You are more poisoned.
The killer bee poisons you! The killer bee stings you.
* * * LOW HITPOINT WARNING * * *
Fire: a) +0 shortbow
Press: ? - help, Q - select action, (/) - cycle Shift-Dir - straight line, f/p - killer bee
Aim: a killer bee (moderately wounded, 44% to hit)
You shoot an arrow.
The arrow hits the killer bee but does no damage.
The killer bee is moderately wounded.
You feel very sick. The killer bee closely misses you.
The killer bee barely misses you.
Fire: a) +0 shortbow
Press: ? - help, Q - select action, (/) - cycle Shift-Dir - straight line, f/p - killer bee
Aim: a killer bee (moderately wounded, 44% to hit)
You shoot an arrow.
The arrow hits the killer bee but does no damage.
The killer bee is moderately wounded.
You feel sick. The killer bee closely misses you.
The killer bee completely misses you.
Fire: a) +0 shortbow
Press: ? - help, Q - select action, (/) - cycle Shift-Dir - straight line, f/p - killer bee
Aim: a killer bee (moderately wounded, 44% to hit)
You shoot an arrow. The arrow barely misses the killer bee.
The arrow hits the hound!
The hound is severely wounded.
You feel sick.
The killer bee stings you but does no damage.
The killer bee completely misses you.
Fire: a) +0 shortbow
Press: ? - help, Q - select action, (/) - cycle Shift-Dir - straight line, f/p - killer bee
Aim: a killer bee (moderately wounded, 44% to hit)
You shoot an arrow. The arrow misses the killer bee.
The arrow hits the hound.
The hound is almost dead.
You feel sick. The killer bee stings you.
* * * LOW HITPOINT WARNING * * *
The killer bee stings you!
* * * LOW HITPOINT WARNING * * *
Fire: a) +0 shortbow
Press: ? - help, Q - select action, (/) - cycle Shift-Dir - straight line, f/p - killer bee
Aim: a killer bee (moderately wounded, 44% to hit)
You shoot an arrow. The arrow hits the killer bee.
The killer bee is severely wounded.
You feel sick. The killer bee stings you.
* * * LOW HITPOINT WARNING * * *
You are lethally poisoned!
The killer bee poisons you!
Fire: a) +0 shortbow
Press: ? - help, Q - select action, (/) - cycle Shift-Dir - straight line, f/p - killer bee
Aim: a killer bee (heavily wounded, 44% to hit)
You shoot an arrow. The arrow hits the killer bee.
The killer bee is severely wounded.
You are ready to hop once more.
* * * LOW HITPOINT WARNING * * *
You feel very sick. The killer bee stings you.
* * * LOW HITPOINT WARNING * * *
The killer bee stings you.
* * * LOW HITPOINT WARNING * * *
You are more poisoned.
The killer bee poisons you!
It was a potion of might.
You feel very mighty all of a sudden.
You die...

.### ####### #........#
...######⌠.⌠######......#
.#......'.>.#....#......###
##..#####⌠.⌠####..........#
###.# ####### ##.##.##.#.#
# #.# ####### #[##.##.#.#
###.### #[##.##.#.# ......#
#########.##.##.#.#
#.###.###....>hy@.##.##.#.#
#.# #..<.[.#########.##.#.#
#.###.###..# #.##.#.#
......# #..# #.##.#.#
###.### #..# #.##.#.# # #.#
#..# #.#..#[# # #.# #..#
#.#.##.# #.# #..# #.#.##.#
###.#####..### #.#.##.#


You could see a hound and a killer bee.

Vanquished Creatures
  A steam dragon (D:7)
  2 water moccasins (D:6)
  2 orc warriors
  An ogre (D:6)
  A centaur (D:6)
  2 bullfrogs (D:6)
  A scorpion (D:6)
  5 wights (D:6)
  2 killer bees (D:6)
  An electric eel (D:6)
  An orc priest (D:3)
  2 hounds
  A gnoll bouda (D:6)
  2 orc wizards
  4 gnolls (D:6)
  7 adders
  2 dart slugs
  14 orcs
  6 bats
  7 endoplasms
  8 giant cockroaches
  7 goblins
  6 hobgoblins
  13 jackals
  4 quokkas (D:1)
  7 ball pythons
  5 frilled lizards
  3 kobolds
  5 rats
122 creatures vanquished.

Notes
Turn   | Place    | Note
-------+----------+-------------------------------------------
     0 | D:1      | sleeves the Barachi Hunter began the quest for the Orb.
     0 | D:1      | Reached XP level 1. HP: 17/17 MP: 1/1
    39 | D:1      | HP: 6/17 [quokka (3)]
   207 | D:1      | Reached XP level 2. HP: 21/23 MP: 2/2
   328 | D:1      | Reached XP level 3. HP: 26/28 MP: 3/3
   329 | D:1      | Reached skill level 5 in Ranged Weapons
  1012 | D:2      | Reached XP level 4. HP: 34/34 MP: 4/4
  1035 | D:2      | Found a white marble altar of Elyvilon.
  1722 | D:3      | Found a white marble altar of Elyvilon.
  1730 | D:3      | Reached skill level 6 in Ranged Weapons
  1775 | D:3      | Reached XP level 5. HP: 39/39 MP: 5/5
  2027 | D:3      | Found a faded altar of an unknown god.
  2207 | D:4      | HP: 19/39 [poisoned by a scorpion]
  2210 | D:3      | HP: 8/39 [poisoned by a scorpion]
  2403 | D:4      | HP: 19/39 [hound (1)]
  2410 | D:4      | HP: 19/39 [hound (2)]
  2416 | D:4      | Reached skill level 7 in Ranged Weapons
  2416 | D:4      | Reached XP level 6. HP: 13/46 MP: 6/6
  2692 | D:4      | Noticed Edmund
  2947 | D:4      | Found a basalt altar of Yredelemnul.
  3144 | D:5      | Entered Level 5 of the Dungeon
  3799 | D:6      | Found a glowing golden altar of the Shining One.
  3803 | D:6      | HP: 14/46 [electric eel/bolt of electricity (10)]
  4089 | D:6      | Reached skill level 8 in Ranged Weapons
  4089 | D:6      | Reached XP level 7. HP: 48/51 MP: 7/7
  4167 | D:6      | HP: 23/51 [poisoned by a water moccasin]
  4170 | D:6      | HP: 11/51 [poisoned by a water moccasin]
  4348 | D:6      | Reached skill level 9 in Ranged Weapons
  4491 | D:6      | Reached XP level 8. HP: 43/57 MP: 8/8
  4684 | D:6      | HP: 5/57 [ogre/+0 giant club (29)]
  4687 | D:6      | Reached skill level 10 in Ranged Weapons
  4914 | D:6      | Found a staircase to the Ecumenical Temple.
  4962 | Temple   | Entered the Ecumenical Temple
  4969 | Temple   | Became a worshipper of Warmaster Okawaru
  5020 | D:6      | HP: 26/54 [wight/+1 long sword of flaming (13)]
  5027 | D:6      | HP: 23/54 [wight/+0 scimitar (2)]
  5247 | D:6      | Found a hide-covered altar of Uskayaw.
  5369 | D:7      | Found Uplef Meu's Book Boutique.
  5436 | D:7      | Found an ornate altar of the Wu Jian Council.
  5705 | D:7      | HP: 28/57 [steam dragon/ball of steam (11)]
  5708 | D:7      | HP: 12/57 [steam dragon] (7)]
  5709 | D:7      | Reached * piety under Okawaru
  5710 | D:7      | Reached skill level 11 in Ranged Weapons
  6034 | D:6      | HP: 28/57 [killer bee (5)]
  6037 | D:6      | HP: 12/57 [killer bee (5)]
  6041 | D:6      | HP: 5/57 [poisoned by a killer bee]
  6044 | D:6      | HP: 2/57 [poisoned by a killer bee]
  6297 | D:6      | HP: 24/57 [orc warrior/+0 mace (10)]
  6300 | D:6      | HP: 6/57 [orc warrior/+0 mace (10)]
  6303 | D:6      | Reached XP level 9. HP: 7/62 MP: 9/9
  6539 | D:6      | HP: 31/62 [killer bee (6)]
  6544 | D:6      | HP: 16/62 [poisoned by a killer bee]
  6545 | D:6      | HP: 7/62 [poisoned by a killer bee]
  6545 | D:6      | HP: 1/62 [killer bee (3)]
  6546 | D:6      | Succumbed to a killer bee's poison

Illustrated notes

Levels and vault maps discovered:
D:1:      psy_arrival_basics, layout_loops_ring
D:2:      layout_loops_ring, basic_altar, wander_ebering_terrifying_dragon_lair
D:3:      layout_rooms, mainiacjoe_overflow_cross_hatched,
          hellmonk_ecumenical_altar_dog_temple
D:4:      layout_loops_ring, mainiacjoe_overflow_concentric_impassable,
          uniq_edmund
D:5:      layout_gridville
D:6:      layout_loops_ring, amcnicky_altar_gilded, kennysheep_mini_moat,
          temple_doors_ab, nicolae_lava_and_water,
          amcnicky_mini_rare_corridor_liquid
D:7:      layout_basic, nicolae_overflow_crystal_walls,
          nicolae_gozag_cash_rules_everything_around_me, jmf_multi_god_temple2,
          enter_bailey_4, serial_shops, nicolae_shop_waterfront,
          nicolae_lakefront_shop, serial_corexii_hall, corexii_hall_statues_x,
          corexii_hall_statues_s, corexii_hall_statues_deadend,
          chequers_hall_statues_wall_a
Temple:   nicolae_temple_x_marks_the_god

Skill      XL: |  1  2  3  4  5  6  7  8 |
---------------+-------------------------+-----
Ranged Weapons | 5 6 7 8 9 11 | 11.7
Fighting       | |  2.4
Dodging        | |  2.1
Stealth        | |  0.8

Action                   |  1- 3 |  4- 6 |  7- 9 || total
-------------------------+-------+-------+-------++-------
 Fire: Shortbow          |   105 |   218 |   213 ||   536
 Abil: Hop               |       |     1 |    10 ||    11
  Use: Potion            |       |     1 |     1 ||     2
Armor: Leather armour    |    18 |    48 |    15 ||    81
Dodge: Dodged            |    31 |    92 |    79 ||   202

Table legend: (Time is in decaauts)
 A = Elapsed time spent in this place.
 B = Non-inter-level travel time spent in this place.
 C = Inter-level travel time spent in this place.
 D = Time resting spent in this place.
 E = Time spent auto-exploring this place.
 F = Levels seen in this place.
 G = Mean time per level.
                   A        B        C        D        E       F      G
               +--------+--------+--------+--------+--------+-----+--------+
         Total |   7387 |   6934 |    453 |    826 |   5113 |   8 |  923.4 |
       Dungeon |   7370 |   6926 |    444 |    826 |   5113 |   7 | 1052.9 |
        Temple |     17 |      8 |      9 |      0 |      0 |   1 |   17.0 |
               +--------+--------+--------+--------+--------+-----+--------+

Top non-repeatable levels by time:
     D:6: 2635 daAuts
     D:2: 1016 daAuts
     D:4: 953 daAuts
     D:1: 944 daAuts
     D:3: 769 daAuts
     D:5: 681 daAuts
     D:7: 368 daAuts
  Temple: 17 daAuts
